AoeStats
← topmauro

Arena

514564653Analyzed
1v1 RM · 1d ago on Oct 18, 2026· 79m 20s· 2 players
Game mode
Random Map
Map size
Tiny (2 player)
Population
200
Speed
Normal
Resources
Standard
Victory
Conquest
Starting age
Dark Age
Ending age
Imperial Age
RankedLock teamsTeams togetherTeam positionsShared explorationLock speedFull tech treeHidden civsTurbo modeCheats
Victory
Defeat
🇨🇳 Vietnamese · China
743
+19
vs
🇪🇸 Spanish · Spain
798
-19
topmauro
10:26 Feudal Age
11:48 Double-Bit Axe
17:16 Castle Age
15:13 Horse Collar
16:57 Stone Mining
16:58 Gold Mining
20:36 Bow Saw
23:18 Stone Shaft Mining
24:48 Loom
30:18 Imperial Age
32:33 Chemistry
33:39 Bloodlines
33:30 Husbandry
33:35 Padded Archer Armor
34:06 Ballistics
36:39 Leather Archer Armor
36:17 Fletching
40:03 Conscription
41:38 Bodkin Arrow
46:25 Bracer
51:07 Wheelbarrow
51:18 Block Printing
53:37 Cavalier
54:25 Scale Barding Armor
54:31 Forging
62:12 Fortified Wall
62:13 Masonry
71:41 Redemption
72:03 Elite Skirmisher
77:01 Illumination
wsj9955
3:21 Loom
13:35 Feudal Age
14:13 Double-Bit Axe
14:23 Gold Mining
14:23 Stone Mining
14:15 Horse Collar
16:03 Scale Mail Armor
16:05 Padded Archer Armor
16:17 Forging
15:58 Fletching
22:32 Castle Age
21:10 Scale Barding Armor
23:22 Wheelbarrow
22:14 Man-at-Arms
22:40 Arson
24:21 Hand Cart
24:34 Chain Mail Armor
24:54 Iron Casting
24:44 Squires
25:37 Leather Archer Armor
24:52 Long Swordsman
33:47 Ballistics
33:39 Masonry
35:51 Stone Shaft Mining
39:20 Imperial Age
39:53 Husbandry
40:03 Bloodlines
39:23 Two-Handed Swordsman
41:36 Chemistry
40:43 Siege Engineers
41:49 Bodkin Arrow
48:26 Elite Battle Elephant
48:58 Champion
51:03 Plate Mail Armor
52:51 Hoardings
53:06 Elite Rattan Archer
55:55 Pikeman
71:09 Bombard Tower
76:42 Treadmill Crane
Connection lost

Rejoining the realm…

Still unreachable

The connection could not be restored.

Session expired

The server has moved on; the page needs a fresh start.